 Dungeon Sprint DCSS version 0.29-a0-732-g3d7fbe0af2 (webtiles) character file.

Game seed: 11139310071865651297

901 Hipnos the Jinx (level 7, -1/36 HPs)
             Began as a Deep Elf Enchanter on June 29, 2022.
             Succumbed to a hornet's poison
             ... in the Dungeon (Sprint II: "The Violet Keep of Menkaure").
             The game lasted 00:06:12 (527 turns).

Hipnos the Jinx (Deep Elf Enchanter)                 Turns: 527, Time: 00:06:13

Health: -1/36      AC:  2    Str:  3    XL:     7   Next: 80%
Magic:  14/22      EV: 15    Int: 22    God:
Gold:   26         SH:  0    Dex: 15    Spells: 6/25 levels left

rFire   . . .      SeeInvis .   a - +1 dagger
rCold   . . .      Faith    .   (no shield)
rNeg    . . .      Spirit   .   b - +0 robe
rPois   .          Reflect  .   (no helmet)
rElec   .          Harm     .   (no cloak)
rCorr   .          Rampage  .   (no gloves)
Will    .....      NoTele   +   (no boots)
Stlth   +++++.....              (no amulet)
HPRegen 0.12/turn               (no ring)
MPRegen 0.18/turn               (no ring)

@: lethally poisoned (-1 -> -15), slowed, very slow
A: weak 1
a: no special abilities


You were in the Dungeon.
You visited 1 branch You collected 486 gold pieces.
You spent 460 gold pieces at shops.

Inventory:

Hand Weapons
 a - a +1 dagger (weapon)
Armour
 b - a +0 robe (worn)
Scrolls
 i - a scroll of blinking
Potions
 c - 2 potions of invisibility
 f - a potion of haste
 g - 2 potions of magic


   Skills:
 + Level 0.1 Fighting
 + Level 2.7 Short Blades
 + Level 6.9 Dodging
 + Level 12.6 Stealth
 + Level 9.8 Spellcasting
 * Level 2.3 Conjurations
 + Level 13.9 Hexes
 * Level 2.4 Ice Magic


You had 6 spell levels left.
You knew the following spells:

 Your Spells              Type           Power      Damage    Failure   Level
a - Ensorcelled Hibernat  Hex/Ice        92%        N/A       1%          2
b - Confusing Touch       Hex            64%        N/A       1%          3
c - Tukima's Dance        Hex            64%        N/A       1%          3
d - Dazzling Flash        Conj/Hex       92%        N/A       1%          3
e - Mephitic Cloud        Conj/Pois/Air  14%        N/A       14%         3
f - Freezing Cloud        Conj/Ice/Air   8%         6-21      65%         5

Your spell library contained the following spells:

 Spells                   Type           Power      Damage    Failure   Level
 Silence                  Hex/Air        20%        N/A       10%         5
 Conjure Ball Lightning   Conj/Air       7%         3x3d6     99%         6


Dungeon Overview and Level Annotations

Branches:
Dungeon (1/1)

Altars:
Cheibriados
Dithmenos
Elyvilon
Fedhas
Gozag
Hepliaklqana
Kikubaaqudgha
Makhleb
Nemelex Xobeh
Okawaru
Qazlal
Ru
Sif Muna
Trog
Uskayaw
Vehumet
Wu Jian
Xom
Yredelemnul
Zin
The Shining One
Beogh
Jiyva
Lugonu

Shops:
D :=(*![[=??:?[!(

Annotations:
D exclusions: ice statue and oklob plant


Innate Abilities, Weirdness & Mutations

You are weak. (Str -2)


Message History

The flying skull gives a hideous shriek!
You hit the hornet but do no damage.
The hornet appears confused.
The hornet completely misses you.
You feel yourself speed up. The hornet closely misses you.
The hornet stings itself but does no damage.
You hit the hornet.
The hornet is lightly wounded.
The hornet stings you!
You are poisoned.
You feel yourself slow down.
There is an opulent altar of Gozag, spattered with blood here.
You feel very sick. The hornet stings you.
* * * LOW HITPOINT WARNING * * *
You suddenly lose the ability to move!
You can move again.
There is a blossoming altar of Fedhas here.
You feel better.
You feel yourself speed up. The hornet barely misses you.
You closely miss the hornet.
The hornet is lightly wounded.
You catch the helpless hornet completely off-guard!
You impale the hornet!!
The hornet is severely wounded.
The hornet barely misses you.
You barely miss the hornet.
The hornet is severely wounded.
The hornet closely misses you.
You closely miss the hornet.
The hornet is severely wounded.
The hornet stings you!
* * * LOW HITPOINT WARNING * * *
You are lethally poisoned!
You feel yourself slow down. The hornet barely misses you.
Okay, then.
You barely miss the hornet.
The hornet is severely wounded.
You die...

# l##......≈≈≈h≈≈≈≈≈≈
####≈≈.....§#'########+#
.#≈≈≈≈≈≈≈.§≈#._._._..#≈≈
##≈≈≈≈≈≈≈§§≈#.._._._.#≈≈
#≈≈≈≈≈§≈≈≈≈≈#._._._._#§§
≈≈≈≈≈≈§≈§§§§#_._._._.#≈≈
++#≈≈§§§§§§c#._._._..#≈§
..##≈§≈###§≈#_._._...#≈S
..°##§≈# #§§#._.@....#≈≈
°.°.'≈§# #§≈#_._.y...#≈≈
...##≈≈≈≈§≈≈##########≈≈
..## ########≈≈≈≈≈≈≈≈≈≈≈
### .zzz###≈########≈▓
..zzz##≈# ▓ °.zzzz+≈#
...zz#### ....#


You could see a yaktaur, a hornet (confused), a water moccasin (asleep) and 8
flying skulls.

Vanquished Creatures
  A merfolk siren (D)
  A polar bear (D)
  2 neqoxecs (D)
  Menkaure (D)
5 creatures vanquished.

Vanquished Creatures (others)
  2 neqoxecs (D)
  A water moccasin (D)
3 creatures vanquished.

Grand Total: 8 creatures vanquished

Notes
Turn   | Place    | Note
-------+----------+-------------------------------------------
     0 | D        | Hipnos the Deep Elf Enchanter began the quest for the Orb.
     0 | D        | Reached XP level 1. HP: 10/10 MP: 6/6
     1 | D        | Noticed a boulder beetle
     1 | D        | Noticed a boulder beetle
     5 | D        | Noticed a wyvern
     5 | D        | Noticed a wyvern
     9 | D        | Noticed a neqoxec
    19 | D        | Gained mutation: You are weak. (Str -2) [a neqoxec]
    20 | D        | Killed a neqoxec
    21 | D        | Reached skill level 5 in Spellcasting
    21 | D        | Reached skill level 9 in Hexes
    21 | D        | Reached XP level 2. HP: 12/15 MP: 6/10
    21 | D        | Reached XP level 3. HP: 16/19 MP: 7/12
    21 | D        | Reached XP level 4. HP: 21/24 MP: 7/13
    55 | D        | Killed a neqoxec
   129 | D        | Killed a water moccasin
   135 | D        | Learned a level 2 spell: Ensorcelled Hibernation
   139 | D        | Learned a level 3 spell: Confusing Touch
   143 | D        | Learned a level 3 spell: Tukima's Dance
   147 | D        | Learned a level 3 spell: Dazzling Flash
   147 | D        | Noticed a neqoxec
   150 | D        | Killed a neqoxec
   151 | D        | Reached skill level 5 in Dodging
   151 | D        | Reached skill level 10 in Hexes
   151 | D        | Reached XP level 5. HP: 28/28 MP: 12/16
   178 | D        | Noticed a neqoxec
   183 | D        | Noticed a merfolk siren
   196 | D        | Killed a merfolk siren
   197 | D        | Reached skill level 13 in Hexes
   197 | D        | Reached XP level 6. HP: 27/32 MP: 12/19
   197 | D        | Reached XP level 7. HP: 30/36 MP: 13/21
   238 | D        | Killed a neqoxec
   247 | D        | Noticed an ice statue
   265 | D        | Found Naerphoi's Magic Scroll Boutique.
   265 | D        | Found Zusod's Jewellery Shop.
   265 | D        | Found Fengym's Book Shop.
   265 | D        | Found Mattoecs's Distillery.
   265 | D        | Found Seherod's Antique Armour Boutique.
   266 | D        | Found Ifoeq's Antique Armour Boutique.
   266 | D        | Found Deiqim's Magic Scroll Shop.
   266 | D        | Found Hasots's Armour Boutique.
   266 | D        | Found Deew's Distillery.
   266 | D        | Found Issiakare's Assorted Antiques.
   267 | D        | Found Bilol's Antique Weapon Shop.
   267 | D        | Found Zimmixzo's Jewellery Boutique.
   268 | D        | Found Ufosoeck's Weapon Boutique.
   268 | D        | Found Xoogatus's Magic Scroll Shop.
   268 | D        | Noticed a yak
   269 | D        | Noticed Menkaure
   269 | D        | Noticed a yak
   269 | D        | Noticed a yak
   269 | D        | Noticed an oklob plant
   270 | D        | Found Ofedegex's Book Shoppe.
   293 | D        | Killed Menkaure
   302 | D        | Bought Sif Muna's Almanac of Feathers for 460 gold pieces
   306 | D        | Learned a level 3 spell: Mephitic Cloud
   312 | D        | Learned a level 5 spell: Freezing Cloud
   476 | D        | Found a glowing silver altar of Zin.
   477 | D        | Found a glowing golden altar of the Shining One.
   477 | D        | Found a basalt altar of Yredelemnul.
   477 | D        | Found a hide-covered altar of Uskayaw.
   478 | D        | Found a shimmering altar of Xom.
   478 | D        | Found a bloodstained altar of Trog.
   478 | D        | Found a radiant altar of Vehumet.
   478 | D        | Found a burning altar of Makhleb.
   479 | D        | Found an ornate altar of the Wu Jian Council.
   479 | D        | Found a shimmering blue altar of Sif Muna.
   479 | D        | Found a corrupted altar of Lugonu.
   479 | D        | Found a sparkling altar of Nemelex Xobeh.
   479 | D        | Found a blossoming altar of Fedhas.
   480 | D        | Found a sacrificial altar of Ru.
   480 | D        | Found an ancient bone altar of Kikubaaqudgha.
   480 | D        | Found a white marble altar of Elyvilon.
   481 | D        | Found a stormy altar of Qazlal.
   481 | D        | Found a viscous altar of Jiyva.
   481 | D        | Found a shadowy altar of Dithmenos.
   482 | D        | Found a hazy altar of Hepliaklqana.
   482 | D        | Found a snail-covered altar of Cheibriados.
   484 | D        | Noticed a hornet
   484 | D        | Noticed a polar bear
   485 | D        | Found an iron altar of Okawaru.
   485 | D        | Found an opulent altar of Gozag.
   485 | D        | Noticed a yaktaur
   485 | D        | Noticed a polar bear
   485 | D        | Noticed a polar bear
   491 | D        | Noticed a flying skull
   492 | D        | Noticed a flying skull
   492 | D        | Noticed a flying skull
   492 | D        | Noticed a flying skull
   492 | D        | Noticed a flying skull
   493 | D        | Noticed a flying skull
   493 | D        | Noticed a flying skull
   493 | D        | Noticed a flying skull
   493 | D        | Noticed a flying skull
   494 | D        | Noticed a flying skull
   496 | D        | Noticed a flying skull
   497 | D        | Noticed a flying skull
   513 | D        | Killed a polar bear
   521 | D        | Paralysed by a hornet for 1 turns
   527 | D        | Succumbed to a hornet's poison

Illustrated notes

Levels and vault maps discovered:
D:        the_violet_keep_of_menkaure [sprint2_stairs_cluster_1,
          sprint2_shoproom, sprint2_temple, sprint2_basic_supplies,
          sprint2_obstacle_2, sprint2_obstacle_1, sprint2_obstacle_7,
          sprint2_obstacle_6, sprint2_obstacle_4, sprint2_timed_cluster_1,
          sprint2_smallroom_cluster_1, sprint2_smallroom_final_cluster_1,
          sprint2_transparent_cluster_1, sprint2_second_timed_cluster_1,
          sprint2_sniper_area_1, sprint2_heavy_combat_area_1,
          sprint2_mutation_trap_area_1, sprint2_forest_area_1,
          sprint2_light_combat_area_1, sprint2_behind_water_1,
          sprint2_near_end_vault_1]

Skill      XL: |  1  2  3  4  5  6  7 |
---------------+----------------------+-----
Dodging        | 4 5 6 |  6.9
Stealth        | 8 9 11 12 | 12.6
Spellcasting   | 5 6 8 9 |  9.8
Hexes          | 9 10 13 | 13.9
Short Blades   | 2 |  2.7
Conjurations   | 2 |  2.3
Ice Magic      | 2 |  2.4
Fighting       | |  0.1

Action                   |  1- 3 |  4- 6 |  7- 9 || total
-------------------------+-------+-------+-------++-------
Melee: Dagger            |     7 |    10 |    29 ||    46
 Cast: Ensorcelled Hiber |       |     2 |       ||     2
       Confusing Touch   |       |     1 |     5 ||     6
  Use: Potion            |     1 |       |     2 ||     3
 Stab: Sleeping          |       |     2 |       ||     2
       Confused          |       |     1 |     3 ||     4
Armor: Robe              |       |       |     1 ||     1
Dodge: Dodged            |     1 |     2 |    32 ||    35

Table legend: (Time is in decaauts)
 A = Elapsed time spent in this place.
 B = Non-inter-level travel time spent in this place.
 C = Inter-level travel time spent in this place.
 D = Time resting spent in this place.
 E = Time spent auto-exploring this place.
 F = Levels seen in this place.
 G = Mean time per level.
                   A        B        C        D        E       F      G
               +--------+--------+--------+--------+--------+-----+--------+
         Total |    550 |    550 |      0 |    313 |      0 |   1 |  550.0 |
       Dungeon |    550 |    550 |      0 |    313 |      0 |   1 |  550.0 |
               +--------+--------+--------+--------+--------+-----+--------+

Top non-repeatable levels by time:
       D: 550 daAuts
